 Dungeon Crawl Stone Soup version 0.30-a0-613-gdd512c7efb (webtiles) character file.

Game seed: 1269058858751299500

417 bmack86 the Trooper (level 6, -4/54 (57) HPs)
             Began as a Minotaur Fighter on Jan 8, 2023.
             Slain by Edmund
             ... wielding a +2 dire flail of draining
              (6 damage)
             ... on level 4 of the Dungeon.
             The game lasted 00:06:55 (3224 turns).

bmack86 the Trooper (Minotaur Fighter)              Turns: 3224, Time: 00:06:56

HP:   -4/54 (57)    AC: 10    Str: 22    XL:     6   Next: 61%
MP:   5/5           EV:  7    Int:  5    God:
Gold: 150           SH:  5    Dex: 10    Spells: 5/5 levels left

rFire   . . .      SeeInvis .    a - +1 war axe
rCold   . . .      Faith    .    c - +0 buckler
rNeg    . . .      Spirit   .    m - +0 chain mail
rPois   .          Reflect  .    (helmet restricted)
rElec   .          Harm     .    (no cloak)
rCorr   .          Rampage  .    r - +0 pair of gloves
Will    .....                    (no boots) Stlth
                                 (no amulet)
HPRegen 0.29/turn                (no ring)
MPRegen 0.09/turn                (no ring)

@: drained
A: horns 2, retaliatory headbutt
a: no special abilities


You were on level 4 of the Dungeon.
You visited 1 branch of the dungeon, and saw 4 of its levels.

You collected 150 gold pieces.

Inventory:

Hand Weapons
 a - a +1 war axe (weapon)
Missiles
 g - a throwing net
 o - 4 atropa-tipped darts (quivered)
Armour
 b - a +0 scale mail
 c - a +0 buckler (worn)
 m - a +0 chain mail (worn)
 r - a +0 pair of gloves (worn)
Scrolls
 f - 2 scrolls of vulnerability
 j - 2 scrolls of blinking
 n - a scroll of silence
 p - a scroll of enchant weapon
Potions
 d - a potion of might
 e - a potion of resistance {unknown}
 h - a potion of invisibility
 i - a potion of berserk rage
 k - 2 potions of lignification
 l - a potion of haste
 q - a potion of curing


   Skills:
 * Level 6.0 Fighting
 * Level 5.3 Axes
 + Level 4.8 Armour
 + Level 4.9 Shields


You had 5 spell levels left.
You didn't know any spells.
Your spell library contained the following spells:

 Spells                   Type           Power      Damage    Failure   Level
 Static Discharge         Conj/Air       0%         2-2/arc   100%        2
 Vhi's Electric Charge    Tloc/Air       0%         N/A       100%        3
 Arcjolt                  Conj/Air       0%         1d10      100%        5
 Lightning Bolt           Conj/Air       0%         1d11      100%        5


Dungeon Overview and Level Annotations

Branches:
Dungeon (4/15)
 Temple: D:4-7

Altars:

Annotations:
D:2 1 runed translucent door, Crazy Yiuf
D:4 Edmund


Innate Abilities, Weirdness & Mutations

You have a pair of horns on your head.
You reflexively headbutt those who attack you in melee.


Message History

An iguana comes into view.
The iguana barely misses you. You furiously retaliate!
You headbutt the iguana. The iguana attacks as you move away!
The iguana bites you.
Edmund the Younger comes into view.
He is wielding a +2 dire flail of draining and wearing a +2 scale mail of fire resistance.
You closely miss the iguana. You headbutt the iguana.
The iguana is moderately wounded.
The iguana bites you.
You hit the iguana but do no damage.
The iguana is moderately wounded.
The iguana bites you.
You hit the iguana.
The iguana is severely wounded.
The iguana barely misses you.
You closely miss the iguana.
The iguana is severely wounded.
The iguana barely misses you.
Edmund says, "A flail is better than a scythe, any day of the week!"
The iguana barely misses you.
You hit the iguana but do no damage.
The iguana is severely wounded.
You hit Edmund. You block the iguana's attack.
Edmund hits you with a +2 dire flail of draining.
You feel drained.
You hit Edmund. You headbutt Edmund, but do no damage.
Edmund is moderately wounded.
You slash the iguana!
You kill the iguana!
Edmund hits you with a +2 dire flail of draining.
* * * LOW HITPOINT WARNING * * *
You feel drained.
* * * LOW HITPOINT WARNING * * *
Your Fighting skill increases to level 6!
You hit Edmund.
Edmund is moderately wounded.
Edmund hits you with a +2 dire flail of draining!
* * * LOW HITPOINT WARNING * * *
You feel drained.
* * * LOW HITPOINT WARNING * * *
Edmund hits you with a +2 dire flail of draining.
You die...

## ## #. # .#
#.###. .#
#..#.##.# #.....#
###....######.##.
+........@@......
####...######.##.
#..## #.## ##.###
#+# #....### #.#
#.##...# #.#
#.####.# ##.##
#.# #.#


You could see Edmund.

Vanquished Creatures
  Menkaure (D:4)
  3 iguanas (D:4)
  Natasha (thrice) (D:2)
  An orc wizard (D:4)
  A gnoll (D:1)
  4 adders
  2 worms (D:2)
  3 orcs (D:4)
  2 endoplasms (D:3)
  4 giant cockroaches
  5 goblins
  6 hobgoblins
  2 quokkas
  10 ball pythons
  9 bats
  3 frilled lizards
  9 kobolds
  8 rats
76 creatures vanquished.

Vanquished Creatures (others)
  A fungus (D:2)
1 creature vanquished.

Grand Total: 77 creatures vanquished

Notes
Turn   | Place    | Note
-------+----------+-------------------------------------------
     0 | D:1      | bmack86 the Minotaur Fighter began the quest for the Orb.
     0 | D:1      | Reached XP level 1. HP: 19/19 MP: 0/0
   212 | D:1      | Reached XP level 2. HP: 27/27 MP: 1/1
   235 | D:1      | Reached skill level 4 in Fighting
   778 | D:1      | Reached XP level 3. HP: 33/33 MP: 2/2
  1244 | D:2      | Noticed Natasha
  1257 | D:2      | Killed Natasha
  1258 | D:2      | Reached XP level 4. HP: 30/41 MP: 3/3
  1297 | D:2      | Noticed Natasha
  1304 | D:2      | Killed Natasha
  1330 | D:2      | Identified the +1 ring mail "Edwateun" {rPois Regen+ Str-5
                  | Int-2}
  1607 | D:2      | Noticed Natasha
  1613 | D:2      | Killed Natasha
  1614 | D:2      | Reached skill level 5 in Fighting
  1614 | D:2      | Reached XP level 5. HP: 36/48 MP: 4/4
  1655 | D:2      | Found a runed translucent door.
  1656 | D:2      | Noticed Crazy Yiuf
  1991 | D:3      | Identified the +4 whip of Fuzzy Indomitability {venom,
                  | rPois rN+ Will+ Dex+3}
  2125 | D:3      | Found a faded altar of an unknown god.
  2975 | D:4      | Noticed Menkaure
  2984 | D:4      | Killed Menkaure
  2985 | D:4      | Reached XP level 6. HP: 30/56 MP: 5/5
  2997 | D:4      | Reached skill level 5 in Axes
  3217 | D:4      | Noticed Edmund
  3224 | D:4      | Reached skill level 6 in Fighting
  3224 | D:4      | HP: 2/54 [Edmund/+2 dire flail of draining (1)]
  3224 | D:4      | Slain by Edmund

Illustrated notes

Levels and vault maps discovered:
D:1:      lightli_arrival_noodles, layout_basic
D:2:      layout_basic, uniq_natasha, uniq_crazy_yiuf_cottage
D:3:      layout_basic, hellmonk_ecumenical_altar_inner_sanctum
D:4:      layout_loops_corners, lightli_ossuary_entry_decrepit_ruins,
          eino_tiny_chamber, uniq_duvessa, uniq_grinder, uniq_edmund,
          uniq_menkaure

Skill      XL: |  1  2  3  4  5  6 |
---------------+-------------------+-----
Fighting       | 4 5 6 |  6.0
Axes           | 3 4 5 |  5.3
Armour         | 4 |  4.8
Shields        | 4 |  4.9

Action                   |  1- 3 |  4- 6 || total
-------------------------+-------+-------++-------
Melee: War axe           |    77 |    88 ||   165
       Headbutt          |    10 |    10 ||    20
Throw: Throwing net      |       |     1 ||     1
  Use: Scroll            |     5 |     6 ||    11
Armor: Scale mail        |    42 |     3 ||    45
       Chain mail        |       |    53 ||    53
Dodge: Dodged            |    56 |    38 ||    94
Block: Buckler           |    26 |    24 ||    50

Table legend: (Time is in decaauts)
 A = Elapsed time spent in this place.
 B = Non-inter-level travel time spent in this place.
 C = Inter-level travel time spent in this place.
 D = Time resting spent in this place.
 E = Time spent auto-exploring this place.
 F = Levels seen in this place.
 G = Mean time per level.
                   A        B        C        D        E       F      G
               +--------+--------+--------+--------+--------+-----+--------+
         Total |   3290 |   3207 |     83 |     87 |   2118 |   4 |  822.5 |
       Dungeon |   3290 |   3207 |     83 |     87 |   2118 |   4 |  822.5 |
               +--------+--------+--------+--------+--------+-----+--------+

Top non-repeatable levels by time:
     D:1: 1055 daAuts
     D:3: 1008 daAuts
     D:2: 937 daAuts
     D:4: 288 daAuts
